 Dungeon Crawl Stone Soup version 0.17-a0-1714-g35622ae (webtiles) character file.

4751 SirGodfroy the Transmogrifier (level 10, -8/80 HPs)
             Began as a White Draconian Transmuter on Aug 23, 2015.
             Was a Follower of Ashenzari.
             Mangled by Maud
             ... wielding a +1 vampiric long sword
              (14 damage)
             ... on level 10 of the Dungeon.
             The game lasted 00:42:32 (8984 turns).

SirGodfroy the Transmogrifier (DrTm)                Turns: 8984, Time: 00:42:33

Health: -8/80      AC:  2    Str: 13    XL:     10   Next: 23%
Magic:  12/17      EV: 25    Int: 17    God:    Ashenzari [*.....]
Gold:   361        SH:  0    Dex: 21    Spells: 3 memorised, 10 levels left

rFire  . . .     SeeInvis +       - Unarmed
rCold  . . .     Clarity  .     (armour unavailable)
rNeg   . . .     SustAt   .     (shield currently unavailable)
rPois  x         Gourm    .     (helmet currently unavailable)
rElec  .         Spirit   .     (cloak currently unavailable)
rCorr  .         Warding  .     (gloves currently unavailable)
rMut   .         Stasis   .     (boots currently unavailable)
MR     .....                    (no amulet)
Stlth  ++........               e - ring of see invisible (curse)
                                j - +5 ring of dexterity (curse)

@: spider-form, very slightly contaminated, not resistant to hostile
enchantments, unstealthy
A: (breathe frost), unfitting armour, (cold resistance 0), (cold-blooded), AC +7
a: End Transformation, Scrying, Renounce Religion


You were on level 10 of the Dungeon.
You worshipped Ashenzari.
Ashenzari was aware of your devotion.
You were hungry.
You were a venomous arachnid creature.
You visited 2 branches of the dungeon, and saw 11 of its levels.

You collected 361 gold pieces.

Inventory:

Armour
 q - the cursed +2 buckler of Proximity (melded) {Dex+2}
   (You found it on level 5 of the Dungeon)

   It affects your dexterity (+2).
   It has a curse placed upon it.
 u - a cursed +0 pair of boots (melded)
 B - a cursed +0 cloak (melded)
Jewellery
 e - a cursed ring of see invisible (right front leg)
 j - a cursed +5 ring of dexterity (left front leg)
 z - an uncursed ring of protection from fire
 A - an uncursed ring of ice
Magical devices
 r - a wand of disintegration (24)
 x - a wand of slowing (36)
 y - a wand of draining (12)
Scrolls
 a - a scroll of recharging
 f - a scroll of amnesia
 g - 5 scrolls of identify
 i - a scroll of magic mapping
 k - 4 scrolls of curse weapon
 n - a scroll of enchant weapon
 t - a scroll of blinking
Potions
 h - 3 potions of agility
 l - a potion of heal wounds
 o - 2 potions of curing
 p - a potion of flight {unknown}
 v - a potion of might
 E - 2 potions of magic
Books
 b - a book of Changes

   Spells                             Type                      Level
   a - Beastly Appendage              Transmutation                1
   b - Sticks to Snakes               Transmutation                2
   c - Spider Form                    Transmutation/Poison         3
   d - Ice Form                       Ice/Transmutation            4
   e - Blade Hands                    Transmutation                5
 C - a book of Dreams

   Spells                             Type                      Level
   a - Ensorcelled Hibernation        Hexes/Ice                    2
   b - Phase Shift                    Translocation                5
   c - Shadow Creatures               Summoning                    5
   d - Silence                        Hexes/Air                    5
   e - Darkness                       Hexes                        6
   f - Mass Confusion                 Hexes                        6
 D - a book of Ice

   Spells                             Type                      Level
   a - Ice Form                       Ice/Transmutation            4
   b - Metabolic Englaciation         Hexes/Ice                    5
   c - Ozocubu's Refrigeration        Ice                          6
   d - Bolt of Cold                   Conjuration/Ice              6
   e - Freezing Cloud                 Conjuration/Ice/Air          6
   f - Simulacrum                     Ice/Necromancy               6
Comestibles
 c - 9 bread rations
 d - 3 meat rations
 m - 3 beef jerkies
 s - 2 fruits
 w - a royal jelly


   Skills:
 * Level 4.9 Fighting
 + Level 5.1 Dodging
 + Level 8.3 Unarmed Combat
 + Level 4.8 Spellcasting
 * Level 8.7 Transmutations
 + Level 5.6 Ice Magic


You had 10 spell levels left.
You knew the following spells:

 Your Spells              Type           Power        Failure   Level  Hunger
a - Beastly Appendage     Trmt           ####..       3%          1    None
b - Spider Form           Trmt/Pois      ###.......   24%         3    ###....
c - Ice Form              Ice/Trmt       ####....     24%         4    ####...


Dungeon Overview and Level Annotations

Branches:
Dungeon (10/15)            Temple (1/1) D:5            Lair (0/8) D:10
    Orc: D:9-12

Altars:
Ashenzari
Cheibriados
Dithmenos
Elyvilon
Fedhas
Gozag
Kikubaaqudgha
Makhleb
Nemelex Xobeh
Okawaru
Qazlal
Ru
Sif Muna
Trog
Vehumet
Xom
Zin
The Shining One

Shops:
D:4 [*   D:6 :

Annotations:
D:8 Erica
D:10 Maud


Innate Abilities, Weirdness & Mutations

((You can breathe waves of freezing cold.))
((You can buffet flying creatures when you breathe cold.))
((Your icy white scales are hard (AC +7).))
Your body does not fit into most forms of armour.
((Your flesh is cold resistant.))
((You are cold-blooded and may be slowed by cold attacks.))


Message History

Maud is lightly wounded.
Maud hits you with a vampiric long sword!
Maud draws strength from your injuries!
You hit Maud.
Maud is lightly wounded.
Maud closely misses you.
Casting: Spider Form
Confirm with . or Enter, or press ? or * to list all spells.
You turn into a venomous arachnid creature.
Your cursed +0 cloak melds into your body.
Your cursed +0 pair of boots melds into your body.
The cursed +2 buckler of Proximity {Dex+2} melds into your body.
You hit Maud but do no damage.
Maud is lightly wounded.
Maud hits you with a vampiric long sword!!
* * * LOW HITPOINT WARNING * * *
You hit Maud.
Maud is lightly wounded.
Maud hits you with a vampiric long sword!
You die...

#.....#####.
##(.#### ##
#..## # #..#
# ##.## .
##..# .
##...#
#####c..##
#..s@S.##
#...#####
#.## #


You could see Maud, a centaur and an adder.

Vanquished Creatures
  The ghost of FooOfBar the Covert, an experienced SpWr of Dithmenos (D:8)
  A cyclops (D:9)
  Maurice (D:8)
  A troll (D:9)
  4 yaks
  2 wargs
  A hippogriff (D:6)
  A water moccasin (D:9)
  3 orc warriors
  A centaur (D:5)
  3 phantoms
  An ogre (D:8)
  A big kobold (D:8)
  Blork the orc (D:5)
  4 giant frogs
  A scorpion (D:5)
  4 jellies (D:9)
  4 crimson imps
  5 wights (D:9)
  A quasit (D:8)
  A centaur skeleton (D:5)
  6 orc priests
  2 iguanas
  4 orc wizards
  3 giant frog skeletons
  5 worker ants
  8 adders
  2 adder zombies
  2 worms (D:2)
  4 giant geckos
  30 orcs
  A ball python (D:1)
  4 giant cockroaches
  A goblin (D:1)
  3 hobgoblins
  6 jackals (D:5)
  9 kobolds
  5 bats
  A giant gecko zombie (D:5)
  4 giant newts
  3 quokkas
  A quokka zombie (D:7)
  4 rats
150 creatures vanquished.

Vanquished Creatures (others)
  A jelly (D:9)
  An orc (D:5)
2 creatures vanquished.

Grand Total: 152 creatures vanquished

Notes
Turn   | Place    | Note
--------------------------------------------------------------
     0 | D:1      | SirGodfroy the Draconian Transmuter began the quest for the Orb.
     0 | D:1      | Reached XP level 1. HP: 16/16 MP: 3/3
   554 | D:1      | Reached XP level 2. HP: 23/23 MP: 3/5
  1121 | D:2      | Reached skill level 4 in Unarmed Combat
  1150 | D:2      | Reached XP level 3. HP: 20/28 MP: 4/6
  1481 | D:3      | You fall through a shaft!
  1526 | D:3      | Found an ancient bone altar of Kikubaaqudgha.
  1526 | D:3      | Found a shimmering altar of Xom.
  1696 | D:4      | Noticed a phantom
  1735 | D:4      | Killed a phantom
  1735 | D:4      | Reached skill level 5 in Unarmed Combat
  1735 | D:4      | Reached XP level 4. HP: 15/35 MP: 7/7
  1937 | D:4      | Found Maewod's Antique Armour Boutique.
  2012 | D:4      | Found Nifir's Elemental Accessories.
  2061 | D:5      | Entered Level 5 of the Dungeon
  2082 | D:4      | Learned a level 3 spell: Spider Form
  2100 | D:4      | Reached XP level 5. HP: 37/40 MP: 8/8
  2560 | D:5      | Noticed Blork the orc
  2575 | D:5      | Killed Blork the orc
  2575 | D:5      | Reached skill level 6 in Unarmed Combat
  2575 | D:5      | Reached XP level 6. HP: 5/47 MP: 6/9
  2934 | D:5      | Got a twisted buckler
  2940 | D:5      | Identified the +2 buckler of Proximity {Dex+2} (You found it on level 5 of the Dungeon)
  3028 | D:5      | Noticed a centaur
  3144 | D:5      | Killed a centaur
  3144 | D:5      | Reached skill level 5 in Transmutations
  3144 | D:5      | Your scales start taking on an icy white colour.
  3144 | D:5      | Gained mutation: Your flesh is cold resistant. [White Draconian growth]
  3144 | D:5      | Reached XP level 7. HP: 38/52 MP: 10/10
  3216 | D:5      | Learned a level 4 spell: Ice Form
  3329 | D:6      | Reached skill level 1 in Ice Magic
  4079 | D:6      | Found Vuphoc's Book Boutique.
  4275 | D:6      | Reached skill level 7 in Unarmed Combat
  4275 | D:6      | Reached XP level 8. HP: 43/59 MP: 7/12
  4518 | D:5      | Found a staircase to the Ecumenical Temple.
  4531 | Temple   | Entered the Ecumenical Temple
  4600 | Temple   | Became a worshipper of Ashenzari the Shackled
  5391 | D:8      | Found a sacrificial altar of Ru.
  5642 | D:8      | Acquired Ashenzari's first power
  5649 | D:8      | Noticed Maurice
  5677 | D:8      | Killed Maurice
  5943 | D:8      | Reached XP level 9. HP: 50/64 MP: 12/14
  5969 | D:8      | Noticed FooOfBar's ghost (experienced SpWr)
  5985 | D:8      | Killed FooOfBar's ghost
  6052 | D:8      | Noticed Erica
  6442 | D:9      | Noticed a cyclops
  6459 | D:9      | Killed a cyclops
  6459 | D:9      | Reached skill level 8 in Unarmed Combat
  6459 | D:9      | Reached skill level 5 in Ice Magic
  7169 | D:9      | Found a stormy altar of Qazlal.
  7233 | D:9      | Found a sparkling altar of Nemelex Xobeh.
  7233 | D:9      | Found a burning altar of Makhleb.
  7310 | D:10     | Entered Level 10 of the Dungeon
  7729 | D:10     | Reached XP level 10. HP: 71/79 MP: 13/16
  7772 | D:9      | Reached skill level 5 in Dodging
  8584 | D:10     | Found a staircase to the Lair.
  8623 | D:10     | Noticed Maud
  8984 | D:10     | Mangled by Maud

Vault maps used:
D:1:      lemuel_arrival_tunnels
D:2:      yredelemnul_forgotten_temple_becter
D:3:      nicolae_overflow_hidden_temple, uniq_grinder, uniq_robin
D:4:      first_bread, serial_shops, shop, nicolae_elemental_shop
D:5:      minmay_temple_entry_grid, minmay_joined_circles, uniq_blork_the_orc
D:6:      serial_shops, shop, minmay_bad_closet, hex_intersection, st_stairs_11,
          corexii_leaking_fountain
D:8:      nicolae_ru_sacrificial_ziggurat, uniq_maurice, uniq_erica
D:9:      grunt_qazlal_clouds, gammafunk_temple_overflow_wave
D:10:     minmay_weird_star, erik_lair_orcish_takeover, uniq_maud
Temple:   zaba_magenta_temple_12

Action                   |  1- 3 |  4- 6 |  7- 9 | 10-12 || total
-------------------------+-------+-------+-------+-------++-------
Melee: Unarmed           |   114 |   127 |   352 |    66 ||   659
 Cast: Beastly Appendage |    21 |    10 |     7 |     4 ||    42
       Spider Form       |       |     6 |    24 |     7 ||    37
       Ice Form          |       |       |     3 |     1 ||     4
  Use: Potion            |     5 |     1 |     4 |       ||    10
       Scroll            |     5 |     2 |     9 |       ||    16
 Stab: Sleeping          |       |       |     2 |       ||     2
  Eat: Chunk             |     3 |     6 |    14 |     5 ||    28
       Fruit             |       |       |     4 |     1 ||     5
